Map: Ever Dream LE

Players

Sarrel - Winner!

  • Race: Terran Terran
  • League: Grandmaster
  • Spawn Location: 7:00

DnS

  • Race: Protoss Protoss
  • League: Grandmaster
  • Spawn Location: 1:00

VOD

Have the link to the VOD?

Description

Time

  • Played on: June 1, 2020, 2:52 p.m.
  • Length: 12:38
Show
View Real Time Build Order
Export as new Build Order

Sarrel Terran - Winner!

Build Orders: Reaper Expand, Banshee Rush 

Get SALT Encoding   

  12  0:01  SCV  
  13  0:13  SCV  
  14  0:17  Supply Depot  
  14  0:25  SCV  
  15  0:38  SCV  
  15  0:39  Barracks  
  16  0:44  Refinery  
  16  0:50  SCV  
  17  1:02  SCV  
  18  1:15  SCV  
  19  1:27  Orbital Command, Reaper  
  20  1:41  Command Center  
  20  1:48  Supply Depot  
  20  1:53  SCV  
  21  1:59  Marine  
  22  2:05  SCV  
  23  2:09  Factory  
  23  2:16  Bunker  
  23  2:17  SCV  
  23  2:21  Barracks Reactor  
  24  2:25  Refinery  
  24  2:29  SCV  
  25  2:42  SCV  
  26  2:52  Hellion  
  26  2:54  Orbital Command, SCV  
  26  2:55  Starport  
  26  2:57  Marine  
  26  2:58  Marine  
  31  3:06  SCV  
  32  3:14  Factory Tech Lab  
  32  3:15  Marine  
  32  3:16  Marine  
  32  3:19  SCV  
  35  3:20  SCV  
  35  3:24  Supply Depot  
  36  3:31  SCV  
  36  3:32  SCV  
  36  3:34  Marine x2  
  38  3:38  Factory Tech Lab  
  38  3:40  Banshee  
  42  3:42  Cloaking Field  
  42  3:43  SCV  
  42  3:44  SCV  
  42  3:49  Supply Depot  
  42  3:52  Marine x2  
  42  3:55  SCV  
  45  3:56  SCV  
  46  4:04  Siege Tank  
  46  4:07  SCV  
  46  4:09  Marine x2, SCV  
  51  4:14  Supply Depot  
  53  4:19  SCV  
  53  4:21  SCV  
  53  4:23  Banshee  
  58  4:27  Marine x2  
  58  4:30  Bunker  
  60  4:31  SCV  
  60  4:33  SCV  
  60  4:37  Supply Depot  
  60  4:38  Supply Depot  
  62  4:44  SCV  
  62  4:45  Marine x2, SCV  
  64  4:46  Siege Tank  
  68  4:56  SCV  
  68  4:57  Barracks x2, SCV  
  70  5:03  Marine x2  
  70  5:05  Engineering Bay  
  72  5:08  Refinery, SCV  
  72  5:09  SCV  
  74  5:18  Siege Tank  
  74  5:20  SCV  
  74  5:21  Marine x2, SCV  
  79  5:22  Refinery  
  79  5:23  Starport Reactor  
  81  5:32  SCV  
  81  5:33  SCV  
  81  5:35  Starport Reactor  
  82  5:38  Marine  
  82  5:39  Marine  
  84  5:44  SCV  
  84  5:45  SCV  
  83  5:56  Marine, SCV  
  84  5:57  SCV  
  84  6:00  Marauder, Stimpack  
  84  6:03  Marine  
  82  6:04  Factory Reactor  
  82  6:08  Refinery, Barracks, SCV  
  82  6:10  Combat Shield  
  84  6:11  Supply Depot  
  84  6:12  Marine  
  84  6:16  Barracks  
  84  6:19  Marine  
  84  6:23  Command Center  
  79  6:25  Medivac  
  79  6:29  Marine  
  79  6:30  Marauder  
  79  6:32  Marine, Command Center  
  78  6:37  Marine  
  74  6:41  Terran Infantry Weapons Level 1  
  74  6:42  Engineering Bay  
  74  6:44  Widow Mine  
  76  6:48  Marine, Widow Mine  
  76  6:50  Marine  
  76  6:54  Missile Turret  
  80  6:57  Medivac  
  80  7:04  Marine  
  80  7:05  Marine x2, Marauder  
  80  7:07  Widow Mine  
  81  7:09  Marauder, Widow Mine  
  81  7:18  Marine  
  76  7:25  Marine  
  76  7:26  Marauder  
  76  7:28  Barracks Tech Lab, Widow Mine  
  79  7:30  Marauder, Widow Mine  
  79  7:31  SCV  
  79  7:32  Marine  
  79  7:33  Concussive Shells  
  79  7:34  Missile Turret  
  85  7:38  Terran Infantry Armor Level 1  
  85  7:40  Supply Depot  
  85  7:43  Marine  
  86  7:48  Marauder  
  86  7:51  Medivac, Marauder, Widow Mine  
  92  7:52  Marine, Widow Mine  
  92  7:55  Marine, Missile Turret  
  92  7:56  SCV  
  92  7:57  SCV  
  100  8:02  Marine  
  101  8:08  SCV  
  101  8:09  SCV  
  101  8:10  Marine x2, Marauder  
  107  8:13  Medivac, Marauder  
  110  8:20  Medivac, SCV  
  110  8:21  Marine x2  
  110  8:26  Supply Depot  
  115  8:28  Marauder  
  115  8:29  Supply Depot  
  115  8:31  Marine  
  115  8:32  Armory, Marauder  
  115  8:34  Marine  
  120  8:37  Widow Mine  
  120  8:38  Widow Mine  
  125  8:44  Orbital Command  
  125  8:46  Supply Depot  
  125  8:48  Marine x2  
  127  8:49  Marine x2  
  127  8:50  Medivac  
  127  8:52  Medivac  
  133  8:56  Refinery  
  133  8:59  Supply Depot  
  133  9:00  Marine x2  
  135  9:05  Marine x2  
  135  9:07  Marine  
  134  9:10  Marine  
  134  9:13  SCV  
  136  9:18  Marine x2  
  136  9:19  Widow Mine x2  
  142  9:24  Terran Infantry Weapons Level 2  
  142  9:26  Marine  
  143  9:32  Marine, Marauder  
  143  9:34  Marine  
  143  9:36  Medivac  
  143  9:37  Marine x2  
  144  9:45  Terran Infantry Armor Level 2  
  144  9:46  SCV x2  
  144  9:47  SCV  
  144  9:48  Marine  
  144  9:51  Marine  
  144  9:52  Marine  
  150  9:53  Marine  
  149  10:00  Marine  
  149  10:04  Supply Depot  
  148  10:07  Viking  
  148  10:10  Starport  
  148  10:11  Viking  
  148  10:14  Marine  
  151  10:22  Missile Turret, Supply Depot  
  151  10:23  Marine  
  151  10:28  Marine, Marauder  
  155  10:29  Marine, Supply Depot  
  155  10:31  Marauder  
  158  10:39  Viking  
  160  10:46  Supply Depot x2  
  160  10:47  Marauder  
  160  10:49  Marauder  
  164  10:52  Viking, Marauder  
  164  10:55  Viking  
  170  10:59  Viking  
  170  11:04  Marine x2  
  172  11:06  Marine, Supply Depot  
  172  11:08  Marauder  
  172  11:11  Marauder  
  179  11:13  Marine  
  179  11:16  Viking  
  182  11:22  Viking, Sensor Tower  
  184  11:26  Viking  
  184  11:30  Marauder  
  184  11:32  Marauder x2  
  188  11:33  Marine  
  188  11:34  Ghost Academy  
  189  11:40  Marine  
  190  11:47  Viking  
  190  11:51  Marauder  
  190  11:53  Viking, Marauder x2  
  189  12:05  Marine, Viking  
  189  12:08  Marine  
  150  12:09  Marine  
  150  12:12  Marauder  
  150  12:14  Marine, Marauder  
Show
View Real Time Build Order
Export as new Build Order

DnS Protoss 

Build Orders: 1 Gate Expand, Blink Stalkers 

Get SALT Encoding   

  12  0:00  Probe  
  13  0:13  Probe  
  14  0:17  Pylon  
  14  0:25  Probe (Chrono Boost)  
  15  0:37  Gateway, Probe (Chrono Boost)  
  16  0:45  Probe (Chrono Boost)  
  16  0:46  Assimilator  
  17  0:51  Probe  
  18  1:03  Probe  
  19  1:15  Probe  
  20  1:25  Cybernetics Core  
  20  1:34  Nexus  
  20  1:36  Probe  
  21  1:42  Pylon  
  21  1:48  Probe  
  21  1:51  Assimilator  
  22  1:59  Adept (Chrono Boost)  
  22  2:00  Probe  
  23  2:03  Warp Gate  
  25  2:12  Probe  
  26  2:20  Stalker (Chrono Boost)  
  28  2:24  Probe  
  30  2:37  Probe (Chrono Boost)  
  30  2:46  Probe (Chrono Boost)  
  30  2:48  Twilight Council  
  30  2:50  Stalker  
  34  2:54  Probe (Chrono Boost)  
  34  2:55  Probe (Chrono Boost)  
  35  3:00  Probe (Chrono Boost)  
  35  3:01  Probe (Chrono Boost)  
  37  3:07  Robotics Facility  
  38  3:13  Probe (Chrono Boost)  
  38  3:18  Probe (Chrono Boost)  
  39  3:20  Gateway  
  39  3:22  Blink (Chrono Boost), Probe (Chrono Boost)  
  39  3:26  Probe (Chrono Boost)  
  41  3:27  Probe (Chrono Boost)  
  42  3:37  Pylon  
  42  3:46  Gateway  
  42  3:48  Gateway, Probe  
  42  3:49  Probe  
  42  3:52  Stalker  
  42  3:54  Observer  
  46  3:59  Assimilator  
  46  4:01  Pylon, Probe x2  
  48  4:14  Pylon, Warp Prism, Probe  
  51  4:18  Stalker  
  51  4:23  Stalker  
  55  4:28  Shield Battery, Probe  
  55  4:30  Probe  
  57  4:41  Probe  
  57  4:42  Stalker x2  
  62  4:47  Stalker  
  62  4:49  Stalker  
  62  4:51  Observer  
  67  4:55  Pylon  
  67  4:56  Assimilator  
  67  4:57  Probe  
  67  4:58  Probe  
  69  5:10  Pylon  
  69  5:13  Stalker x2  
  71  5:15  Stalker  
  73  5:23  Probe x2  
  73  5:35  Probe  
  73  5:36  Stalker x2  
  78  5:50  Probe x2  
  72  6:03  Probe  
  63  6:11  Observer (Chrono Boost)  
  62  6:14  Stalker x4  
  62  6:15  Probe  
  62  6:17  Probe  
  71  6:27  Probe  
  63  6:41  Probe  
  63  6:44  Stalker x4  
  63  6:46  Probe  
  72  6:47  Nexus  
  72  6:48  Pylon  
  72  6:51  Robotics Bay  
  68  7:09  Stalker x4  
  70  7:25  Probe x2  
  66  7:33  Charge  
  66  7:35  Colossus (Chrono Boost)  
  66  7:37  Probe  
  66  7:38  Probe  
  66  7:41  Stalker x4  
  83  7:51  Probe (Chrono Boost)  
  83  7:57  Gateway  
  83  7:58  Gateway  
  83  8:00  Forge  
  83  8:02  Probe x2 (Chrono Boost)  
  83  8:03  Probe (Chrono Boost)  
  86  8:09  Sentry x2, Observer  
  86  8:11  Probe (Chrono Boost)  
  86  8:12  Extended Thermal Lance  
  92  8:13  Probe (Chrono Boost)  
  92  8:15  Observer, Probe (Chrono Boost)  
  92  8:16  Probe (Chrono Boost)  
  94  8:20  Probe  
  94  8:26  Colossus (Chrono Boost), Probe  
  96  8:28  Probe  
  103  8:39  Protoss Ground Weapons Level 1 (Chrono Boost), Probe x2  
  104  8:50  Zealot x2  
  104  8:53  Pylon x2  
  104  8:55  Pylon  
  108  8:56  Probe  
  108  8:57  Assimilator  
  108  8:58  Assimilator  
  109  9:11  Probe x3  
  109  9:15  Zealot x6  
  124  9:23  Probe x2  
  126  9:24  Colossus (Chrono Boost)  
  132  9:36  Stalker x2  
  132  9:43  Zealot x3  
  133  9:50  Zealot  
  131  10:00  Observer  
  131  10:05  Probe x2  
  133  10:13  Pylon  
  133  10:14  Pylon  
  133  10:18  Templar Archives, Gateway  
  133  10:19  Gateway  
  133  10:20  Forge  
  133  10:26  Observer  
  133  10:33  Immortal (Chrono Boost), Zealot x3  
  133  10:34  Zealot  
  145  10:41  Observer  
  145  10:44  Pylon  
  145  10:45  Pylon  
  145  10:58  High Templar x2  
  145  11:00  Observer  
  145  11:01  Pylon  
  149  11:04  Nexus  
  149  11:06  Archon, Pylon x2  
  149  11:08  Disruptor (Chrono Boost)  
  142  11:12  Zealot  
  142  11:13  Zealot x2  
  148  11:29  Zealot  
  148  11:30  Zealot x2  
  154  11:39  Zealot x5  
  164  11:41  Disruptor (Chrono Boost)  
  160  11:53  Stalker  
  160  11:56  Pylon  
  160  11:57  Pylon  
  146  12:04  Zealot x4  
  83  12:16  Stalker x2  
  71  12:25  Zealot x5  
Tags
 
Add a new tag
Caveats
  • Supply blocks, unpowered buildings, or Contaminate may cause inaccurate times.
  • Supply counts are checked every 10 seconds.